 Dungeon Crawl Stone Soup version 0.29.0-7-g18a832c13a (webtiles) character file.

Game seed: 14039403147805001444

169459 greasedhog the Metallomancer (level 17, -21/109 HPs)
             Began as a Gargoyle Earth Elementalist on Aug 30, 2022.
             Was the Champion of Vehumet.
             Demolished by a spriggan rider
             ... wielding a +0 spear
              (22 damage)
             ... on level 1 of the Swamp.
             The game lasted 01:21:02 (33765 turns).

greasedhog the Metallomancer (GrEE)                Turns: 33765, Time: 01:21:03

Health: -21/109    AC:  0    Str: 13    XL:     17   Next: 67%
Magic:  29/31      EV: 16    Int: 23    God:    Vehumet [******]
Gold:   1228       SH:  5    Dex: 10    Spells: 12/36 levels left

rFire   . . .      SeeInvis .   (weapon currently unavailable)
rCold   . . .      Faith    .   (shield currently unavailable)
rNeg    + . .      Spirit   .   (body armour currently unavailable)
rPois   ∞          Reflect  +   (helmet currently unavailable)
rElec   .          Harm     .   (cloak currently unavailable)
rCorr   .          Rampage  .   (gloves currently unavailable)
Will    +....                   (boots currently unavailable)
Stlth   +++.......              q - amulet of reflection
HPRegen 0.28/turn               (ring currently unavailable)
MPRegen 0.22/turn               (ring currently unavailable)

@: pig-form, very quick
A: fast, no casting, sickness immunity, AC +12, small, (big wings), negative
energy resistance 1, (electricity resistance), torment resistance 1,
petrification resistance, subdued magic 1
}: 1/15 runes: serpentine
a: Renounce Religion


You were on level 1 of the Swamp.
You worshipped Vehumet.
Vehumet was exalted by your worship.
You were a filthy swine.
You visited 6 branches of the dungeon, and saw 28 of its levels.

You collected 2484 gold pieces.
You spent 1256 gold pieces at shops.

Inventory:

Missiles
 a - 2 throwing nets
Armour
 c - a +0 buckler (melded)
 j - a +0 pair of boots (melded)
 y - a +2 helmet of intelligence (melded)
 F - a +0 troll leather armour (melded)
 N - a scarf of repulsion (melded)
 P - the +1 pair of gloves of Lust (melded) {+Inv rPois Str+6 Dex-4}
   (You found it on level 12 of the Dungeon)

   Str:       It affects your strength (+6).
   Dex:       It affects your dexterity (-4).
   rPois:     It protects you from poison.
   +Inv:      It lets you turn invisible.
Magical Staves
 E - a staff of earth (melded)
Jewellery
 f - a ring of willpower
 o - a +4 ring of evasion
 q - an amulet of reflection (around neck)
 z - a ring of fire (melded)
 A - the ring of Joy (melded) {Contam rElec rC+++ EV+4 Int+2}
   (You bought it in a shop on level 2 of the Orcish Mines)

   [ring of evasion]

   EV:        It affects your evasion (+4).
   Int:       It affects your intelligence (+2).
   rC:        It renders you almost immune to cold.
   rElec:     It insulates you from electricity.
   Contam:    It causes magical contamination when unequipped.
 I - the ring "Bimih" {rPois Will- Int+6 SInv}
   (You found it on level 11 of the Dungeon)

   [ring of see invisible]

   Int:       It affects your intelligence (+6).
   rPois:     It protects you from poison.
   SInv:      It lets you see invisible.
   Will:      It decreases your willpower.
 Q - a ring of see invisible
 T - a +4 ring of protection
 U - a ring of positive energy
 W - a ring of resist corrosion
 X - a +6 ring of intelligence
 Z - an amulet of regeneration
Wands
 b - a wand of mindburst (18)
 h - a wand of roots (20)
 s - a wand of charming (23)
 D - a wand of flame (44)
 M - a wand of light (6)
Scrolls
 d - 4 scrolls of immolation
 i - a scroll of torment
 k - 3 scrolls of silence
 m - 7 scrolls of teleportation
 n - 4 scrolls of vulnerability
 r - 6 scrolls of enchant weapon
 t - 5 scrolls of amnesia
 u - 3 scrolls of poison
 H - 4 scrolls of enchant armour
 J - 2 scrolls of summoning
 K - 3 scrolls of fog
 L - 5 scrolls of magic mapping
 V - 3 scrolls of brand weapon
Potions
 e - 3 potions of mutation
 g - 2 potions of ambrosia
 l - 3 potions of brilliance
 v - 7 potions of lignification
 w - 11 potions of curing
 x - 6 potions of attraction
 B - 7 potions of might
 C - 2 potions of invisibility
 O - 4 potions of resistance
 S - 3 potions of cancellation
 Y - 3 potions of berserk rage


   Skills:
 * Level 13.6 Fighting
 - Level 5.6 Staves
 - Level 10.2 Armour
 - Level 6.1 Dodging
 - Level 6.0 Stealth
 - Level 10.3 Spellcasting
 - Level 11.2 Conjurations
 - Level 5.0 Transmutations
 - Level 5.0 Air Magic
 * Level 21.6 Earth Magic
 - Level 6.0 Evocations


You had 12 spell levels left.
You knew the following spells:

 Your Spells              Type           Power      Damage    Failure   Level
a - Sandblast             Erth           100%       2d20      0%          1
b - Stone Arrow           Conj/Erth      100%       3d13      0%          3
c - Passwall              Tmut/Erth      45%        N/A       0%          2
d - Petrify               Tmut/Erth      54%        N/A       1%          4
e - Swiftness             Air            26%        N/A       1%          3
f - Iron Shot             Conj/Erth      30%        9d6       1%          6
g - Lee's Rapid Deconstr  Erth           36%        3d19*     0%          5

Your spell library contained the following spells:

 Spells                   Type           Power      Damage    Failure   Level
 Orb of Destruction       Conj           24%        9d9       11%         7
 Magic Dart               Conj           100%       1d8       1%          1
 Shock                    Conj/Air       100%       1d9       1%          1
 Searing Ray              Conj           96%        2d7       1%          2
 Static Discharge         Conj/Air       37%        3-8/arc   1%          2
 Wereblood                Tmut           27%        N/A       1%          2
 Airstrike                Air            13%        2d(2-18)  1%          4
 Fulminant Prism          Conj/Hex       14%        3d9       1%          4
 Sticky Flame             Conj/Fire      29%        2d5       1%          4
 Irradiate                Conj/Tmut      19%        3d18      1%          5
 Lightning Bolt           Conj/Air       18%        1d33      1%          5
 Fireball                 Conj/Fire      14%        3d8       3%          5
 Freezing Cloud           Conj/Ice/Air   14%        6-21      3%          5
 Tukima's Dance           Hex            9%         N/A       13%         3
 Yara's Violent Unravell  Hex/Tmut       9%         3d6       13%         5
 Summon Lightning Spire   Summ/Air       18%        N/A       16%         4
 Blade Hands              Tmut           13%        N/A       16%         5
 Starburst                Conj/Fire      14%        6d6       19%         6
 Animate Dead             Necr           9%         N/A       43%         4
 Dispel Undead            Necr           9%         3d8       43%         4
 Passage of Golubria      Tloc           9%         N/A       43%         4
 Eringya's Noxious Bog    Tmut/Pois      9%         N/A       54%         6
 Metabolic Englaciation   Hex/Ice        4%         N/A       80%         5
 Dragon Form              Tmut           13%        N/A       99%         7
 Simulacrum               Ice/Necr       4%         N/A       100%        6
 Haunt                    Necr/Summ      4%         N/A       100%        7
 Ignition                 Fire           4%         3d4       100%        8
 Infestation              Necr           4%         N/A       100%        8
 Polar Vortex             Ice            4%         N/A       100%        9
 Statue Form              Tmut/Erth      Unusable   N/A       N/A         6

Dungeon Overview and Level Annotations

Branches:
Dungeon (15/15)            Temple (1/1) D:7            Lair (5/5) D:9
  Swamp (1/4) Lair:3        Snake (4/4) Lair:3        Slime (0/5) Lair:4
    Orc (2/2) D:12            Elf (0/3) Orc:2        Vaults (0/5) D:14
 Depths (0/4) D:15

Altars:
Ashenzari
Cheibriados
Dithmenos
Elyvilon
Fedhas
Gozag
Hepliaklqana
Kikubaaqudgha
Makhleb
Nemelex Xobeh
Okawaru
Qazlal
Ru
Sif Muna
Trog
Uskayaw
Vehumet
Wu Jian
Xom
Yredelemnul
Zin
The Shining One

Shops:
D:1 [   D:8 [   D:11 (   Orc:2 *!=*   Snake:4 =

Annotations:
Swamp:1 Kirke


Innate Abilities, Weirdness & Mutations

You are a filthy swine.
You move quickly.
Your equipment is almost entirely melded.
You are incapable of wielding weapons or throwing items.
You cannot cast spells.
You are immune to sickness and miasma.
((Your stone body is resilient. (AC +12)))
You are immune to poison.
((Your large and strong wings let you fly.))
You resist negative energy. (rN+)
((You are resistant to electric shocks. (rElec)))
You are resistant to unholy torment.
You are immune to petrification.
Your spells are a little easier to cast, but a little less powerful.


Message History

The grasping roots grab you! The grasping roots constrict you!
The roots grasp on you weakens, but your attempt to escape fails.
The grasping roots constrict you!
As you read the scroll of teleportation, it crumbles to dust.
You feel strangely unstable. The hog closely misses you.
The roots grasp on you weakens, but your attempt to escape fails.
The grasping roots constrict you!! The hog closely misses you.
You feel much better.
The alligator puts on a burst of speed!
The hog bites you. The grasping roots constrict you!
You bite the hog!
The hog is moderately wounded.
The hog bites you! The shambling mangrove hits you!!
* * * LOW HITPOINT WARNING * * *
The grasping roots constrict you!
* * * LOW HITPOINT WARNING * * *
Unknown command.
You feel much better.
Your surroundings suddenly seem different.
The roots lose their grip on you.
Splash!
You fall into the shallow water.
Moving in this stuff is going to be slow.
Found a stone staircase leading down.
The spriggan rider shouts!
The hornet buzzes angrily.
The hog squeals angrily.
The spriggan rider hits you with a +0 spear!!
* * * LOW HITPOINT WARNING * * *
You hear an angry squeal.
You feel much better.
The spriggan rider completely misses you.
The spriggan rider attacks as you move away!
The spriggan rider closely misses you.
The spriggan rider hits you from afar with a +0 spear!!
* * * LOW HITPOINT WARNING * * *
A hog comes into view.
There is a stone staircase leading down here.
The spriggan rider hits you from afar with a +0 spear!!
* * * LOW HITPOINT WARNING * * *
The spriggan rider hits you from afar with a +0 spear!!
You die...

~.~.~§w .~~~~~...§w...#
♣♣♣.§~~~~§.~~~...#
♣..~~y§~~~~~~~~..#
♣♣...~~~~~~~......#
♣...i~~~~~~~.♣~~..#
♣♣♣♣♣.~~i~~~~~~~..§~..#
♣.~...h~~~~~~~~.~..~...
♣§~...~~~~~§....~.~....
~~....~~~.~~~~..~♣~....#
~~..~~~~~.@~h~..~♣♣.@...
..~♣♣♣....~~~~~.....♣..#
.~ ♣♣♣♣~...h.♣.~.~♣~.. ~
♣♣~..h~~..~♣♣♣.
♣♣.§~~..~♣ ♣♣
~♣~♣......♣♣ ♣


You could see Kirke, 2 spriggan riders, 3 hogs and a hornet.

Vanquished Creatures
  Jorgrun (Snake:1)
  2 quicksilver dragons (Snake:4)
  Roxanne (Snake:1)
  5 nagarajas (Snake:4)
  The ghost of unrecovered the Severer, a journeyman MiBe of Trog (Orc:2)
  Aizul (Snake:1)
  The ghost of LynnLen the Unseen, a journeyman SpEn of Nemelex Xobeh (D:13)
  A fire dragon (D:15)
  Fannar (Lair:3)
  An ice dragon (D:15)
  4 vault guards
  4 boulder beetles
  A catoblepas (D:13)
  2 salamander tyrants
  11 anacondas
  8 hydras
  4 alligators (Swamp:1)
  12 naga warriors
  7 centaur warriors
  3 two-headed ogres
  2 tengu warriors
  8 shock serpents
  An orc high priest (Orc:2)
  8 naga sharpshooters
  Sonja (Lair:1)
  2 salamander mystics (Snake:2)
  3 bog bodies (Lair:3)
  6 naga ritualists
  A wizard (D:14)
  2 orc knights (Orc:2)
  8 mana vipers
  18 ugly things
  5 orc sorcerers (Orc:2)
  A deep elf pyromancer (D:14)
  5 cyclopes
  12 salamanders
  3 manticores
  36 black mambas
  9 guardian serpents
  12 naga magi
  10 elephants
  A gargoyle (D:14)
  2 unseen horrors (D:12)
  12 cane toads
  9 komodo dragons
  A yaktaur (D:15)
  3 rime drakes
  A freezing wraith (D:14)
  7 trolls
  5 hornets
  9 polar bears
  13 slime creatures
  8 blink frogs
  13 dream sheep
  A vampire (D:11)
  15 spriggans
  A shadow (D:11)
  The ghost of coolguy4201 the Conjurer, an amateur DECj of Vehumet (D:5)
  2 wraiths
  6 wyverns
  60 yaks
  A basilisk (Lair:4)
  3 steam dragons
  A redback simulacrum (D:14)
  Menkaure (D:7)
  2 swamp worms (Swamp:1)
  28 nagas
  An acid dragon (D:12)
  10 wargs
  15 water moccasins
  18 orc warriors
  A swamp drake (Swamp:1)
  2 sky beasts
  2 ice beasts (D:5)
  3 black bears
  6 ogres
  32 wolves
  5 boggarts
  4 centaurs
  2 phantoms (D:6)
  4 kobold brigands
  12 bullfrogs
  6 scorpions
  3 necrophages
  12 wights
  29 killer bees
  3 howler monkeys (D:10)
  2 electric eels
  3 hounds
  16 orc priests
  5 jellies
  2 gnoll boudas
  3 iguanas
  21 orc wizards
  Natasha (thrice) (D:4)
  A bullfrog simulacrum (D:5)
  2 scorpion simulacra (D:5)
  A killer bee simulacrum (D:5)
  6 gnolls
  9 adders
  2 hound simulacra (D:5)
  14 white imps
  An ufetubus (D:7)
  3 dart slugs
  50 orcs
  10 ball pythons
  5 bats
  6 endoplasms
  A giant cockroach (D:2)
  18 goblins
  10 hobgoblins
  4 jackals
  4 quokkas
  8 frilled lizards
  29 kobolds
  5 rats
844 creatures vanquished.

Vanquished Creatures (collateral kills)
  A yak (D:9)
1 creature vanquished.

Vanquished Creatures (others)
  Asterion (Snake:2)
  A salamander (Snake:2)
  A bloated husk (Swamp:1)
  An orc wizard (Orc:2)
  A bush (D:9)
  30 fungi
  47 plants
  A withered plant (D:3)
83 creatures vanquished.

Grand Total: 928 creatures vanquished

Notes
Turn   | Place    | Note
-------+----------+-------------------------------------------
     0 | D:1      | greasedhog the Gargoyle Earth Elementalist began the quest
                  | for the Orb.
     0 | D:1      | Reached XP level 1. HP: 10/10 MP: 3/3
   136 | D:1      | Reached XP level 2. HP: 15/15 MP: 0/5
   351 | D:1      | Reached skill level 4 in Earth Magic
   821 | D:1      | Found Nahyacoo's Antique Armour Boutique.
   825 | D:1      | Reached XP level 3. HP: 19/19 MP: 3/6
   875 | D:1      | Learned a level 3 spell: Stone Arrow
   878 | D:1      | Learned a level 2 spell: Passwall
  1858 | D:2      | Reached XP level 4. HP: 24/24 MP: 6/8
  2718 | D:3      | Found a faded altar of an unknown god.
  3132 | D:3      | Reached XP level 5. HP: 28/28 MP: 7/9
  3244 | D:4      | Reached skill level 5 in Earth Magic
  3623 | D:4      | Noticed Natasha
  3625 | D:4      | Killed Natasha
  3823 | D:4      | Found an opulent altar of Gozag.
  3829 | D:4      | Found a sacrificial altar of Ru.
  3905 | D:4      | Reached XP level 6. HP: 22/32 MP: 6/11
  4052 | D:4      | Learned a level 4 spell: Petrify
  4125 | D:4      | Identified the +0 cloak of the Singing Gods {Str+2 Dex+4}
  4212 | D:4      | Noticed Natasha
  4217 | D:4      | Killed Natasha
  4486 | D:4      | Noticed Natasha
  4490 | D:4      | Killed Natasha
  4528 | D:5      | Entered Level 5 of the Dungeon
  4662 | D:5      | Reached skill level 5 in Stealth
  4662 | D:5      | Reached skill level 6 in Earth Magic
  4798 | D:5      | Reached XP level 7. HP: 36/36 MP: 10/13
  4980 | D:5      | Found a runed translucent gate.
  4980 | D:5      | Found a runed translucent gate.
  4980 | D:5      | Found a runed translucent gate.
  5325 | D:5      | Reached skill level 1 in Fighting
  5325 | D:5      | Reached skill level 7 in Earth Magic
  5470 | D:5      | Found a sparkling altar of Nemelex Xobeh.
  5637 | D:5      | Noticed coolguy4201's ghost (amateur DECj)
  5945 | D:6      | Reached XP level 8. HP: 45/45 MP: 9/14
  6042 | D:6      | Reached skill level 8 in Earth Magic
  6710 | D:7      | Reached skill level 5 in Fighting
  6710 | D:7      | Reached skill level 9 in Earth Magic
  6754 | D:7      | Reached XP level 9. HP: 37/54 MP: 6/15
  7136 | D:7      | Reached skill level 10 in Earth Magic
  7163 | D:7      | Noticed Menkaure
  7165 | D:7      | Killed Menkaure
  7414 | D:7      | Found a staircase to the Ecumenical Temple.
  7594 | D:7      | Identified the +1 leather armour "Ocvuit" {Dex+6}
  7617 | Temple   | Entered the Ecumenical Temple
  7804 | Temple   | Became a worshipper of Vehumet
  8071 | D:8      | Found Sazyiceunn's Antique Armour Emporium.
  8227 | D:8      | Reached skill level 11 in Earth Magic
  8248 | D:8      | Reached skill level 5 in Dodging
  8394 | D:8      | Reached skill level 1 in Armour
  8667 | D:9      | Reached XP level 10. HP: 59/59 MP: 14/16
  8677 | D:9      | Reached skill level 12 in Earth Magic
  8738 | D:9      | Reached * piety under Vehumet
  8738 | D:9      | Offered knowledge of Magic Dart by Vehumet.
  8893 | D:9      | Found a staircase to the Lair.
  8905 | D:9      | Reached skill level 5 in Armour
  9094 | D:9      | Reached skill level 1 in Transmutations
  9094 | D:9      | Reached skill level 13 in Earth Magic
  9387 | D:9      | Found an iron altar of Okawaru.
  9387 | D:9      | Found a glowing golden altar of the Shining One.
  9554 | D:9      | Identified the +2 spear "Heg Bee" {distort, Will+ rCorr}
  9605 | D:10     | Entered Level 10 of the Dungeon
  9705 | D:10     | Noticed a cyclops
  9711 | D:10     | Killed a cyclops
  9712 | D:10     | Reached XP level 11. HP: 63/63 MP: 11/17
  9901 | D:10     | Offered knowledge of Scorch by Vehumet.
  9945 | D:10     | Identified the +4 dagger "Dunedaewk" {holy, rElec rF+ MP+9
                  | Dex+3}
  9953 | D:10     | Reached ** piety under Vehumet
  9954 | D:10     | Reached skill level 14 in Earth Magic
 10110 | D:10     | Noticed a two-headed ogre
 10124 | D:10     | Killed a two-headed ogre
 10882 | D:11     | Noticed a boulder beetle
 10894 | D:11     | Killed a boulder beetle
 10895 | D:11     | Reached skill level 5 in Transmutations
 10988 | D:11     | Noticed a cyclops
 10997 | D:11     | Killed a cyclops
 10997 | D:11     | Offered knowledge of Searing Ray by Vehumet.
 10998 | D:11     | Reached skill level 1 in Staves
 10998 | D:11     | Reached skill level 1 in Evocations
 11232 | D:11     | Noticed a two-headed ogre
 11241 | D:11     | Killed a two-headed ogre
 11575 | D:11     | Noticed an eight-headed hydra
 11747 | D:11     | Identified the ring "Bimih" {rPois Will- Int+6 SInv}
 11811 | D:11     | Found Jukollarph's Antique Weapon Shop.
 11839 | D:11     | Killed an eight-headed hydra
 12032 | Lair:1   | Entered Level 1 of the Lair of Beasts
 12060 | Lair:1   | Reached XP level 12. HP: 68/68 MP: 12/18
 12130 | Lair:1   | Reached skill level 5 in Staves
 12163 | Lair:1   | Reached skill level 5 in Evocations
 12220 | Lair:1   | Reached *** piety under Vehumet
 12234 | Lair:1   | Found a frozen archway.
 12508 | Lair:1   | Noticed Sonja
 12512 | Lair:1   | Killed Sonja
 12513 | Lair:1   | Reached skill level 15 in Earth Magic
 12689 | Lair:1   | You fall into a shaft and drop 1 floor!
 12708 | Lair:2   | Offered knowledge of Frozen Ramparts by Vehumet.
 13127 | Lair:2   | Noticed a six-headed hydra
 13151 | Lair:2   | Killed a six-headed hydra
 13402 | Lair:2   | Noticed a six-headed hydra
 13410 | Lair:2   | Killed a six-headed hydra
 13866 | Lair:2   | Reached skill level 16 in Earth Magic
 14299 | Lair:3   | Noticed a five-headed hydra
 14433 | Lair:3   | Killed a five-headed hydra
 14663 | Lair:3   | Found a staircase to the Snake Pit.
 14728 | Lair:3   | Reached **** piety under Vehumet
 14729 | Lair:3   | Reached XP level 13. HP: 72/80 MP: 19/19
 14782 | Lair:3   | Offered knowledge of Inner Flame by Vehumet.
 14898 | Lair:3   | Reached skill level 17 in Earth Magic
 15018 | Lair:3   | Reached skill level 10 in Fighting
 15026 | Lair:3   | Found a staircase to the Swamp.
 15204 | Lair:3   | Noticed Fannar
 15218 | Lair:3   | Killed Fannar
 15501 | Lair:4   | Found a staircase to the Slime Pits.
 16473 | Lair:5   | Entered Level 5 of the Lair of Beasts
 16767 | Lair:4   | Reached skill level 18 in Earth Magic
 16778 | Lair:4   | Learned a level 3 spell: Swiftness
 16818 | Lair:5   | Reached ***** piety under Vehumet
 16866 | Lair:5   | Reached skill level 1 in Air Magic
 16992 | Lair:5   | Offered knowledge of Lightning Bolt by Vehumet.
 17214 | Lair:5   | Gained mutation: Your large and strong wings let you fly.
                  | [Gargoyle growth]
 17214 | Lair:5   | Reached XP level 14. HP: 83/88 MP: 18/20
 18070 | Lair:5   | Reached skill level 10 in Armour
 18193 | Lair:5   | Offered knowledge of Hailstorm by Vehumet.
 18359 | Lair:5   | Reached skill level 19 in Earth Magic
 19100 | D:12     | Identified the +1 pair of gloves of Lust {+Inv rPois Str+6
                  | Dex-4}
 19145 | D:12     | Reached skill level 5 in Air Magic
 19428 | D:12     | Found a staircase to the Orcish Mines.
 19572 | Orc:1    | Entered Level 1 of the Orcish Mines
 19600 | Orc:2    | Entered Level 2 of the Orcish Mines
 19891 | Orc:2    | Paralysed by an orc sorcerer for 3 turns
 19921 | Orc:2    | Gained mutation: Your spells are a little easier to cast,
                  | but a little less powerful. [a neqoxec]
 20118 | Orc:2    | Found a staircase to the Elven Halls.
 20575 | Orc:2    | Offered knowledge of Iron Shot by Vehumet.
 20698 | Orc:2    | Learned a level 6 spell: Iron Shot
 20737 | Orc:2    | Found a large runed translucent door.
 20737 | Orc:2    | Found a large runed translucent door.
 20918 | Orc:2    | Noticed unrecovered's ghost (journeyman MiBe)
 21256 | Orc:2    | Found Ciowk's General Store.
 21256 | Orc:2    | Found Gawonnam's Distillery.
 21257 | Orc:2    | Found Dieptock's General Store.
 21261 | Orc:2    | Found Tytsudghe's Jewellery Emporium.
 21280 | Orc:2    | Bought a scroll of identify for 28 gold pieces
 21281 | Orc:2    | Bought a potion of degeneration for 11 gold pieces
 21281 | Orc:2    | Bought a potion of heal wounds for 55 gold pieces
 21281 | Orc:2    | Bought a potion of brilliance for 44 gold pieces
 21283 | Orc:2    | Bought a scroll of poison for 48 gold pieces
 21283 | Orc:2    | Bought a potion of heal wounds for 60 gold pieces
 21283 | Orc:2    | Bought a scroll of summoning for 114 gold pieces
 21283 | Orc:2    | Bought a potion of heal wounds for 60 gold pieces
 21284 | Orc:2    | Bought the ring of Joy {Contam rElec rC+++ EV+4 Int+2} for
                  | 836 gold pieces
 21558 | Orc:2    | Killed unrecovered's ghost
 21559 | Orc:2    | Reached XP level 15. HP: 32/92 MP: 7/21
 21565 | Orc:2    | Identified the +4 plate armour of the Merchant {Rampage
                  | *Slow +Inv Dex+3}
 21821 | D:13     | Reached skill level 5 in Spellcasting
 22061 | D:13     | Noticed LynnLen's ghost (journeyman SpEn)
 22072 | D:13     | Found a runed translucent gate.
 22072 | D:13     | Found a runed translucent gate.
 22072 | D:13     | Found a runed translucent gate.
 22124 | D:13     | Reached skill level 20 in Earth Magic
 22712 | D:13     | Killed LynnLen's ghost
 23422 | D:14     | Found a gate to the Vaults.
 23548 | D:14     | Identified the +4 ring mail of Cohosiocw {*Corrode Dex+5}
 23647 | D:13     | Offered knowledge of Conjure Ball Lightning by Vehumet.
 23899 | D:14     | Identified the +8 flail of Disembowelment {holy, rElec rF+
                  | Int+4}
 24038 | D:15     | Entered Level 15 of the Dungeon
 24057 | D:14     | Reached skill level 21 in Earth Magic
 24433 | D:15     | Found a staircase to the Depths.
 25105 | D:5      | Killed coolguy4201's ghost
 25291 | Snake:1  | Entered Level 1 of the Snake Pit
 25332 | Snake:1  | Identified Roxanne's Spellbook of Forms
 25332 | Snake:1  | Noticed Roxanne
 25344 | Snake:1  | Killed Roxanne
 25483 | Snake:1  | Noticed Aizul
 25493 | Snake:1  | Killed Aizul
 25703 | Snake:1  | Reached XP level 16. HP: 97/97 MP: 9/28
 25908 | Snake:1  | Reached skill level 1 in Conjurations
 26078 | Snake:1  | Found a basalt altar of Yredelemnul.
 26082 | Snake:1  | Noticed Jorgrun
 26088 | Snake:1  | Killed Jorgrun
 26558 | Snake:2  | Noticed Asterion
 27125 | Snake:2  | Reached ****** piety under Vehumet
 27166 | Snake:2  | Identified the +11 quarterstaff of the Shrinking Spider
                  | {vorpal, +Blink}
 27175 | Snake:2  | Reached skill level 5 in Conjurations
 27392 | Snake:2  | Reached skill level 10 in Spellcasting
 27662 | Snake:2  | Noticed an Executioner
 27667 | Snake:2  | Killed Asterion
 30711 | Snake:4  | Entered Level 4 of the Snake Pit
 30716 | Snake:4  | Found Foxeaps's Jewellery Shoppe.
 30768 | Snake:4  | Reached XP level 17. HP: 104/104 MP: 18/31
 30961 | Snake:4  | Offered knowledge of Lee's Rapid Deconstruction by Vehumet.
 30972 | Snake:4  | Learned a level 5 spell: Lee's Rapid Deconstruction
 31573 | Snake:4  | Reached skill level 10 in Conjurations
 32343 | Snake:4  | Noticed a quicksilver dragon
 32346 | Snake:4  | Killed a quicksilver dragon
 32607 | Snake:4  | Noticed a quicksilver dragon
 32777 | Snake:4  | Killed a quicksilver dragon
 33153 | Snake:4  | Got a serpentine rune of Zot
 33289 | Swamp:1  | Entered Level 1 of the Swamp
 33422 | Swamp:1  | Identified the +4 chain mail of Patterns {rPois Regen+
                  | Str+2}
 33454 | Swamp:1  | Offered knowledge of Orb of Destruction by Vehumet.
 33722 | Swamp:1  | Noticed Kirke
 33765 | Swamp:1  | HP: 1/109 [spriggan rider/+0 spear (20)]
 33765 | Swamp:1  | Demolished by a spriggan rider

Illustrated notes

Levels and vault maps discovered:
D:1:      shiori_arrival_whats_in_store_for_you, layout_basic, serial_shops,
          nicolae_diamond_shop
D:2:      cheibrodos_greedy_goblins, layout_basic, minmay_misc_feat_more_columns
D:3:      layout_basic, ebering_ecumenical_altar_petrified, due_unseen_surprise
D:4:      layout_basic, mainiacjoe_overflow_big_doors, uniq_natasha
D:5:      layout_cave_pools, lemuel_coloured_pillars_altar, gammafunk_ghost_icy
D:6:      layout_gridville
D:7:      minmay_spotlight, layout_cave_pools, minmay_temple_entry_large_hall,
          minmay_misc_feat_columns, st_stairs_12, uniq_menkaure
D:8:      layout_basic, serial_shops, nicolae_take_the_stairs, hex_large,
          minivault_26
D:9:      layout_cave_pools, nicolae_overflow_two_pavilions,
          minmay_lair_entry_grove, minmay_misc_feat_chi, hangedman_decor_points
D:10:     layout_stronghold, corexii_hall_statues_x
D:11:     minmay_general_purpose_star, layout_rooms, serial_shops, shop,
          hangedman_decor_clover_reticule, kennysheep_generic_room_15
D:12:     layout_cave_pools, minmay_orc_entry_guard_dogs
D:13:     layout_cross, serial_column_ruins, column_ruins_square_medium,
          column_ruins_circle_medium, column_ruins_grid_3,
          column_ruins_corridor_T, column_ruins_grid_1, column_ruins_open_small,
          column_ruins_grid_2, column_ruins_open_large, column_ruins_grid_1,
          gammafunk_ghost_split, kennysheep_dice
D:14:     layout_cave_pools, lightli_vaults_fourway_checkpoint,
          minmay_misc_feat_rugged
D:15:     grunt_enter_depths_hoard, layout_rooms, chequers_serial_rivers_small_b
Temple:   nicolae_temple_bog_church
Lair:1:   layout_regular_city, nicolae_volcano_entry_two_sided,
          portal_ice_cave_entry_imps, uniq_sonja
Lair:2:   layout_cave_pods
Lair:3:   layout_gridlike, nicolae_swamp_entry_splash_gauntlet,
          guppyfry_snake_entry_garden, chequers_serial_rivers_large_a,
          lemuel_old_faithful, uniq_fannar
Lair:4:   layout_concentric_octagons, slime_entry_1, serial_bayou_shore_b
Lair:5:   minmay_lair_end_enchanted_forest, layout_misc_corridors
Swamp:1:  layout_basic_swamp, serial_swamp_ruin, evilmike_swamp_ruin_rubble_1,
          evilmike_swamp_ruin_house_5, evilmike_swamp_ruin_rubble_2,
          nicolae_swamp_spooky_pond, uniq_kirke
Snake:1:  layout_cave_shapes, basic_altar, uniq_roxanne, uniq_jorgrun,
          uniq_aizul
Snake:2:  layout_rooms, nicolae_coiled_stairwell_up, serial_bayou_shore_b,
          uniq_asterion
Snake:3:  layout_misc_corridors, grunt_ministairs_15
Snake:4:  hellmonk_snake_rune_quicksilver_temple, layout_grid_shapes,
          serial_shops, nicolae_shop_stone
Orc:1:    layout_diamond_mine
Orc:2:    st_orc_mages, layout_caves, ebering_ghost_disaster_area,
          minmay_orc_temple_b

Skill      XL: |  1  2  3  4  5  6  7  8  9 10 11 12 13 14 15 16 17 |
---------------+----------------------------------------------------+-----
Earth Magic    | 4 5 6 7 9 11 13 14 16 18 19 21 | 21.6
Stealth        | 3 4 5 6 |  6.0
Spellcasting   | 3 4 8 10 | 10.3
Fighting       | 2 5 9 10 11 13 | 13.6
Dodging        | 2 5 6 |  6.1
Armour         | 2 5 9 10 | 10.2
Transmutations | 3 5 |  5.0
Staves         | 4 5 |  5.6
Evocations     | 4 5 6 |  6.0
Air Magic      | 2 5 |  5.0
Conjurations   | 8 11 | 11.2

Action                   |  1- 3 |  4- 6 |  7- 9 | 10-12 | 13-15 | 16-18 || total
-------------------------+-------+-------+-------+-------+-------+-------++-------
Melee: Unarmed           |    16 |       |       |       |       |     1 ||    17
       Dagger            |     3 |    15 |       |       |       |       ||    18
       Staff             |       |       |     5 |    40 |   144 |    98 ||   287
 Cast: Sandblast         |    51 |    97 |   171 |   402 |   948 |   244 ||  1913
       Stone Arrow       |       |       |       |    14 |   114 |   150 ||   278
       Petrify           |       |       |       |    17 |    11 |     1 ||    29
       Iron Shot         |       |       |       |       |    39 |    80 ||   119
       Swiftness         |       |       |       |       |     2 |     3 ||     5
       Lee's Rapid Decon |       |       |       |       |       |    34 ||    34
       Passwall          |       |       |       |       |       |     1 ||     1
Evoke: Wand              |       |       |     2 |     1 |       |     2 ||     5
  Use: Scroll            |     1 |       |     9 |     9 |    12 |    11 ||    42
       Potion            |       |     1 |     6 |       |     4 |     8 ||    19
 Stab: Betrayed ally     |       |       |       |     1 |       |       ||     1
       Petrified         |       |       |       |     5 |     5 |     5 ||    15
       Petrifying        |       |       |       |     1 |       |       ||     1
Armor: Robe              |    18 |    22 |    17 |       |       |       ||    57
       Leather armour    |       |       |     9 |    19 |       |       ||    28
       Troll leather arm |       |       |       |   108 |   493 |   222 ||   823
Dodge: Dodged            |    21 |    22 |    86 |   323 |   805 |   461 ||  1718
       Repelled          |       |       |       |       |     7 |    40 ||    47
Block: Buckler           |     3 |    27 |    70 |   189 |   427 |   237 ||   953
       Reflection        |       |       |     1 |     5 |    20 |    30 ||    56
